PAA
SPRINGFIELD SHOOTERS @ MERCER ISLAND SCREAMING EAGLES
09/15/2023
 
TOP OF THE 1ST
Springfield Shooters batting - Pitching for Mercer Island Screaming Eagles : LHP Vitorio Méndez
Pitching: LHP Vitorio Méndez
Batting: SHB Albert Santos 0-0: Ball
1-0: Called Strike
1-1: Ball
2-1: Ball
3-1: Ground out 5-3 (Groundball, 56S)
Batting: RHB Michael Hicks 0-0: Ball
1-0: Foul Ball, location: 2F
1-1: Ball
2-1: Ground out 5-3 (Groundball, 5S)
Batting: RHB Ethan Miller 0-0: Foul Ball, location: 2F
0-1: Ball
1-1: DOUBLE (Line Drive, 7LM)
Batting: SHB Jared Jefferson 0-0: Swinging Strike
0-1: Ball
1-1: Fly out, F3 (Popup, 34S)
Top of the 1st over - 0 run(s), 1 hit(s), 0 error(s), 1 left on base; Springfield 0 - Mercer Island 0
BOTTOM OF THE 1ST
Mercer Island Screaming Eagles batting - Pitching for Springfield Shooters : RHP Jim Unknown
Pitching: RHP Jim Unknown
Batting: RHB Jason Ruffin 0-0: Hit by Pitch
Batting: RHB Dong-po Tien 0-0: Ball
1-0: Called Strike
1-1: Swinging Strike
1-2: Strikes out swinging
Batting: RHB Seon-keun Kim 0-0: Called Strike
0-1: Ball
1-1: Grounds into double play, 5-4-3 (Groundball, 56)
Bottom of the 1st over - 0 run(s), 0 hit(s), 0 error(s), 0 left on base; Springfield 0 - Mercer Island 0
TOP OF THE 2ND
Springfield Shooters batting - Pitching for Mercer Island Screaming Eagles : LHP Vitorio Méndez
Batting: RHB Roy Herring 0-0: Foul Ball, location: 2F
0-1: Foul Ball, location: 2F
0-2: Foul Ball, location: 2F
0-2: Strikes out swinging
Batting: RHB Lee Charles 0-0: Called Strike
0-1: Ground out 4-3 (Groundball, 4MS)
Batting: RHB Randy Galloway 0-0: Foul Ball, location: 2F
0-1: Ball
1-1: Ball
2-1: Ball
3-1: Foul Ball, location: 2F
3-2: Strikes out swinging, 2-3 out at first.
Top of the 2nd over - 0 run(s), 0 hit(s), 0 error(s), 0 left on base; Springfield 0 - Mercer Island 0
BOTTOM OF THE 2ND
Mercer Island Screaming Eagles batting - Pitching for Springfield Shooters : RHP Jim Unknown
Batting: RHB Shawn McCormack 0-0: Called Strike
0-1: Ball
1-1: Swinging Strike
1-2: Strikes out looking
Batting: RHB Luis Antonio Hernández 0-0: Called Strike
0-1: Swinging Strike
0-2: Ball
1-2: Fly out, F8 (Flyball, 8RM)
Batting: SHB León Estrada 0-0: Called Strike
0-1: Fly out, F7 (Flyball, 78M)
Bottom of the 2nd over - 0 run(s), 0 hit(s), 0 error(s), 0 left on base; Springfield 0 - Mercer Island 0
TOP OF THE 3RD
Springfield Shooters batting - Pitching for Mercer Island Screaming Eagles : LHP Vitorio Méndez
Batting: RHB Sergio Delgado 0-0: Ball
1-0: Called Strike
1-1: Called Strike
1-2: Foul Ball, location: 2F
1-2: Foul Ball, location: 2F
1-2: Strikes out swinging
Batting: SHB Eugene Bentley 0-0: Called Strike
0-1: Ball
1-1: Called Strike
1-2: Foul Ball, location: 2F
1-2: Foul Ball, location: 2F
1-2: Foul Ball, location: 2F
1-2: Ground out 5-3 (Groundball, 56)
Batting: SHB Albert Santos 0-0: Ball
1-0: Swinging Strike
1-1: Ball
2-1: Foul Ball, location: 2F
2-2: Strikes out looking
Top of the 3rd over - 0 run(s), 0 hit(s), 0 error(s), 0 left on base; Springfield 0 - Mercer Island 0
BOTTOM OF THE 3RD
Mercer Island Screaming Eagles batting - Pitching for Springfield Shooters : RHP Jim Unknown
Batting: RHB Mike Kelly 0-0: Ball
1-0: Bunted foul
1-1: Ball
2-1: Ball
3-1: SINGLE (Line Drive, 6M)
Batting: RHB Leonardo Ramírez 0-0: Called Strike
0-1: Swinging Strike
0-2: Foul Ball, location: 2F
0-2: Ball
1-2: Foul Ball, location: 2F
1-2: Fly out, F3 (Popup, 3F)
Batting: RHB P.J. O'Keefe 0-0: Called Strike
0-1: Ball
1-1: Grounds into double play, 6-4-3 (Groundball, 56)
Bottom of the 3rd over - 0 run(s), 1 hit(s), 0 error(s), 0 left on base; Springfield 0 - Mercer Island 0
TOP OF THE 4TH
Springfield Shooters batting - Pitching for Mercer Island Screaming Eagles : LHP Vitorio Méndez
Batting: RHB Michael Hicks 0-0: Swinging Strike
0-1: Called Strike
0-2: Ball
1-2: Ball
2-2: SOLO HOME RUN (Flyball, 7D), Distance : 375 ft
Batting: RHB Ethan Miller 0-0: Called Strike
0-1: Ball
1-1: Ground out 6-3 (Groundball, 6)
Batting: SHB Jared Jefferson 0-0: Ball
1-0: Ball
2-0: Fly out, F8 (Flyball, 8LM)
Batting: RHB Roy Herring 0-0: Called Strike
0-1: SINGLE (Line Drive, 56)
Batting: RHB Lee Charles 0-0: Ball
1-0: SINGLE (Groundball, 6MD)
Roy Herring to second
Batting: RHB Randy Galloway 0-0: Ball
1-0: Foul Ball, location: 2F
1-1: Ball
2-1: Foul Ball, location: 2F
2-2: Ball
3-2: Foul Ball, location: 2F
3-2: Base on Balls
Roy Herring to third
Lee Charles to second
Batting: RHB Sergio Delgado 0-0: Ball
1-0: Ball
2-0: Fly out, F4 (Popup, 4D)
Top of the 4th over - 1 run(s), 3 hit(s), 0 error(s), 3 left on base; Springfield 1 - Mercer Island 0
BOTTOM OF THE 4TH
Mercer Island Screaming Eagles batting - Pitching for Springfield Shooters : RHP Jim Unknown
Batting: RHB Jason Ruffin 0-0: Ball
1-0: Ball
2-0: Foul Ball, location: 2F
2-1: Ball
3-1: Base on Balls
Batting: RHB Dong-po Tien 0-0: Foul Ball, location: 2F
0-1: Grounds into double play, 5-4-3 (Groundball, 56)
Batting: RHB Seon-keun Kim 0-0: Called Strike
0-1: Ball
1-1: Ground out 4-3 (Groundball, 4)
Bottom of the 4th over - 0 run(s), 0 hit(s), 0 error(s), 0 left on base; Springfield 1 - Mercer Island 0
TOP OF THE 5TH
Springfield Shooters batting - Pitching for Mercer Island Screaming Eagles : LHP Vitorio Méndez
Batting: SHB Eugene Bentley 0-0: Ball
1-0: Ball
2-0: Foul Ball, location: 2F
2-1: Ball
3-1: Base on Balls
Batting: SHB Albert Santos 0-0: Ball
1-0: Bunt missed!
1-1: Bunted foul
1-2: Strikes out looking
Batting: RHB Michael Hicks 0-0: Foul Ball, location: 2F
0-1: Ball
1-1: DOUBLE (Flyball, 78XD)
Eugene Bentley to third
Batting: RHB Ethan Miller 0-0: Intentional Walk
Batting: SHB Jared Jefferson 0-0: Called Strike
0-1: Foul Ball, location: 2F
0-2: Ball
1-2: Fly out, F9 (Flyball, 89D)
Runner from 3rd tags up, SCORES, no throw
Batting: RHB Roy Herring 0-0: SINGLE (Groundball, 34S)
Michael Hicks to third
Ethan Miller to second
Runner from 3rd tries for Home, SAFE, no throw or cutoff
Batting: RHB Lee Charles 0-0: Ball
1-0: Ball
2-0: Foul Ball, location: 2F
2-1: Ball
3-1: Base on Balls
Ethan Miller to third
Roy Herring to second
Batting: RHB Randy Galloway 0-0: Swinging Strike
0-1: Ball
1-1: Ball
2-1: Swinging Strike
2-2: Strikes out swinging
Top of the 5th over - 2 run(s), 2 hit(s), 0 error(s), 3 left on base; Springfield 3 - Mercer Island 0
BOTTOM OF THE 5TH
Mercer Island Screaming Eagles batting - Pitching for Springfield Shooters : RHP Jim Unknown
Batting: RHB Shawn McCormack 0-0: Called Strike
0-1: Foul Ball, location: 2F
0-2: Ground out 5-3 (Groundball, 5)
Batting: RHB Luis Antonio Hernández 0-0: Ball
1-0: Ground out 5-3 (Groundball, 56S)
Batting: SHB León Estrada 0-0: Ball
1-0: Swinging Strike
1-1: Swinging Strike
1-2: Ground out 3-1 (Groundball, 34)
Bottom of the 5th over - 0 run(s), 0 hit(s), 0 error(s), 0 left on base; Springfield 3 - Mercer Island 0
TOP OF THE 6TH
Springfield Shooters batting - Pitching for Mercer Island Screaming Eagles : LHP Vitorio Méndez
Batting: RHB Sergio Delgado 0-0: Ball
1-0: DOUBLE (Line Drive, 78M)
Batting: SHB Eugene Bentley 0-0: Ball
1-0: Swinging Strike
1-1: Ball
2-1: Foul Ball, location: 2F
2-2: Ground out 6-3 (Groundball, 6)
Sergio Delgado to third
Batting: SHB Albert Santos 0-0: Ball
1-0: Foul Ball, location: 2F
1-1: Foul Ball, location: 2F
1-2: Foul Ball, location: 2F
1-2: Foul Ball, location: 2F
1-2: Ball
2-2: Ground out 5-3 (Groundball, 5S)
Batting: RHB Michael Hicks 0-0: Called Strike
0-1: SINGLE (Line Drive, 56D)
Sergio Delgado scores
Batting: RHB Ethan Miller 0-0: Ball
1-0: Foul Ball, location: 2F
1-1: Called Strike
1-2: Foul Ball, location: 2F
1-2: Ball
2-2: Ball
3-2: Base on Balls
Michael Hicks to second
Pitching: RHP Ken Shelton
Batting: SHB Jared Jefferson 0-0: Ball
1-0: Ball
2-0: Swinging Strike
2-1: Swinging Strike
2-2: Strikes out swinging
Top of the 6th over - 1 run(s), 2 hit(s), 0 error(s), 2 left on base; Springfield 4 - Mercer Island 0
BOTTOM OF THE 6TH
Mercer Island Screaming Eagles batting - Pitching for Springfield Shooters : RHP Jim Unknown
Batting: RHB Mike Kelly 0-0: Called Strike
0-1: Ball
1-1: Bunted foul
1-2: Ground out U3 (Groundball, 3L)
Batting: RHB Leonardo Ramírez 0-0: Ground out 4-3 (Groundball, 34)
Batting: RHB P.J. O'Keefe 0-0: Ball
1-0: Ball
2-0: Foul Ball, location: 2F
2-1: Ground out 6-3 (Groundball, 6)
Bottom of the 6th over - 0 run(s), 0 hit(s), 0 error(s), 0 left on base; Springfield 4 - Mercer Island 0
TOP OF THE 7TH
Springfield Shooters batting - Pitching for Mercer Island Screaming Eagles : RHP Ken Shelton
Batting: RHB Roy Herring 0-0: Ball
1-0: Called Strike
1-1: Ground out 6-3 (Groundball, 6)
Batting: RHB Lee Charles 0-0: Foul Ball, location: 2F
0-1: Foul Ball, location: 2F
0-2: Foul Ball, location: 2F
0-2: Foul Ball, location: 2F
0-2: Ball
1-2: Ball
2-2: Foul Ball, location: 2F
2-2: Strikes out swinging
Batting: RHB Randy Galloway 0-0: Ball
1-0: Swinging Strike
1-1: Ball
2-1: Ball
3-1: Foul Ball, location: 2F
3-2: Base on Balls
Batting: RHB Sergio Delgado 0-0: Foul Ball, location: 2F
0-1: Foul Ball, location: 2F
0-2: SINGLE (Line Drive, 8LS)
Randy Galloway to second
Batting: SHB Eugene Bentley 0-0: Ball
1-0: Called Strike
1-1: Foul Ball, location: 2F
1-2: Ground out 4-3 (Groundball, 4)
Top of the 7th over - 0 run(s), 1 hit(s), 0 error(s), 2 left on base; Springfield 4 - Mercer Island 0
BOTTOM OF THE 7TH
Mercer Island Screaming Eagles batting - Pitching for Springfield Shooters : RHP Jim Unknown
Batting: RHB Jason Ruffin 0-0: Called Strike
0-1: Ball
1-1: DOUBLE (Flyball, 89XD)
Batting: RHB Dong-po Tien 0-0: Called Strike
0-1: Ball
1-1: Ball
2-1: DOUBLE (Groundball, 5L)
Jason Ruffin scores
Batting: RHB Seon-keun Kim 0-0: Ball
1-0: Foul Ball, location: 2F
1-1: Ball
2-1: Called Strike
2-2: Foul Ball, location: 2F
2-2: Foul Ball, location: 2F
2-2: Strikes out swinging
Batting: RHB Shawn McCormack 0-0: Called Strike
0-1: Fly out, F4 (Line Drive, 4)
Batting: RHB Luis Antonio Hernández 0-0: Foul Ball, location: 2F
0-1: Ball
1-1: Called Strike
1-2: Ball
2-2: Ground out 5-3 (Groundball, 5S)
Bottom of the 7th over - 1 run(s), 2 hit(s), 0 error(s), 1 left on base; Springfield 4 - Mercer Island 1
TOP OF THE 8TH
Springfield Shooters batting - Pitching for Mercer Island Screaming Eagles : RHP Ken Shelton
Batting: SHB Albert Santos 0-0: Foul Ball, location: 2F
0-1: Called Strike
0-2: Strikes out swinging
Batting: RHB Michael Hicks 0-0: Fly out, F7 (Flyball, 7M)
Batting: RHB Ethan Miller 0-0: Ball
1-0: Called Strike
1-1: Foul Ball, location: 2F
1-2: Ground out 6-3 (Groundball, 6)
Top of the 8th over - 0 run(s), 0 hit(s), 0 error(s), 0 left on base; Springfield 4 - Mercer Island 1
BOTTOM OF THE 8TH
Mercer Island Screaming Eagles batting - Pitching for Springfield Shooters : RHP Jim Unknown
Now in CF: Enrico Díaz
Batting: SHB León Estrada 0-0: Ball
1-0: Called Strike
1-1: Ball
2-1: Foul Ball, location: 2F
2-2: Ground out 6-3 (Groundball, 6)
Batting: RHB Mike Kelly 0-0: Ball
1-0: Swinging Strike
1-1: Ball
2-1: SINGLE (Line Drive, 78M)
Batting: RHB Leonardo Ramírez 0-0: Ball
1-0: Ball
2-0: Ball
3-0: Called Strike
3-1: Foul Ball, location: 2F
3-2: DOUBLE (Line Drive, 78D)
Mike Kelly to third
Runner from 3rd tries for Home, SAFE, no throw or cutoff
Batting: RHB P.J. O'Keefe 0-0: Swinging Strike
0-1: Ground out 5-3 (Groundball, 5)
Batting: RHB Jason Ruffin 0-0: Swinging Strike
0-1: Ball
1-1: Ball
2-1: Ball
3-1: Base on Balls
Batting: RHB Dong-po Tien 0-0: Ball
1-0: Called Strike
1-1: Ball
2-1: Ground out 1-3 (Groundball, 15)
Bottom of the 8th over - 1 run(s), 2 hit(s), 0 error(s), 2 left on base; Springfield 4 - Mercer Island 2
TOP OF THE 9TH
Springfield Shooters batting - Pitching for Mercer Island Screaming Eagles : RHP Ken Shelton
Batting: SHB Jared Jefferson 0-0: Ball
1-0: Ball
2-0: Foul Ball, location: 2F
2-1: Ground out U3 (Groundball, 3L)
Batting: RHB Roy Herring 0-0: Foul Ball, location: 2F
0-1: Swinging Strike
0-2: Ball
1-2: Ball
2-2: SOLO HOME RUN (Flyball, 7D), Distance : 392 ft
Batting: RHB Lee Charles 0-0: SINGLE (Groundball, 6MD)
Batting: RHB Randy Galloway 0-0: Foul Ball, location: 2F
0-1: Foul Ball, location: 2F
0-2: Ball
1-2: Ball
2-2: Grounds into double play, 5-4-3 (Groundball, 56)
Top of the 9th over - 1 run(s), 2 hit(s), 0 error(s), 0 left on base; Springfield 5 - Mercer Island 2
BOTTOM OF THE 9TH
Mercer Island Screaming Eagles batting - Pitching for Springfield Shooters : RHP Jim Unknown
Pitching: RHP Ching-hsia Hsing
Batting: RHB Seon-keun Kim 0-0: Ball
1-0: Ball
2-0: Called Strike
2-1: Ball
3-1: Base on Balls
Batting: RHB Shawn McCormack 0-0: Foul Ball, location: 2F
0-1: Ball
1-1: Foul Ball, location: 2F
1-2: Ball
2-2: Reached on error, E1 (Groundball, 13)
Seon-keun Kim to second
Batting: RHB Luis Antonio Hernández 0-0: Ball
1-0: Called Strike
1-1: SINGLE (Groundball, 56D)
Seon-keun Kim to third
Shawn McCormack to second
Pinch Hitting: RHB Logan Cole 0-0: Ball
1-0: Ball
2-0: Called Strike
2-1: Foul Ball, location: 2F
2-2: Ground out 5-3 (Groundball, 5S)
Seon-keun Kim scores
Shawn McCormack to third
Luis Antonio Hernández to second
Pinch Hitting: LHB Nelson Plasenia 0-0: Ball
1-0: SINGLE (Groundball, 34D)
Shawn McCormack scores
Luis Antonio Hernández to third
Batting: RHB Leonardo Ramírez 0-0: Ball
1-0: Ball
2-0: Called Strike
2-1: Called Strike
2-2: Ball
3-2: Foul Ball, location: 2F
3-2: Base on Balls
Nelson Plasenia to second
Pinch Hitting: SHB Miguel Pérez 0-0: Foul Ball, location: 2F
0-1: Ball
1-1: Ball
2-1: Ball
3-1: SINGLE (Groundball, 34D) (infield hit)
Luis Antonio Hernández scores
Nelson Plasenia to third
Leonardo Ramírez to second
Pitching: LHP Jim Unknown
Batting: RHB Jason Ruffin 0-0: Called Strike
0-1: Called Strike
0-2: GRAND SLAM HOME RUN (Flyball, 7D), Distance : 379 ft
This league is powered by Out of the Park Baseball, the baseball management simulation game for PC, Mac and Linux
Friday, July 8th, 2016 - OOTP Baseball 16.9 Build 39